 Dungeon Crawl Stone Soup version 0.22-a0-412-g2b68d144a4 (webtiles) character file.

32 M4edhros the Sneak (level 3, -28/23 HPs)
             Began as an Octopode Artificer on May 12, 2018.
             Annihilated by an ogre
             ... wielding a +0 giant spiked club
              (31 damage)
             ... on level 4 of the Dungeon.
             The game lasted 00:03:23 (431 turns).

M4edhros the Sneak (Octopode Artificer)              Turns: 431, Time: 00:03:24

Health: -28/23     AC:  1    Str: 10 (11) XL:     3   Next: 25%
Magic:  5/5        EV: 13    Int: 10 (13) God:
Gold:   30         SH:  0    Dex: 12 (13) Spells: 2/2 levels left

rFire    . . .     SeeInvis .   a - +0 short sword
rCold    . . .     Gourm    .   (no shield)
rNeg     . . .     Faith    .   (helmet restricted)
rPois    .         Spirit   .   (no amulet)
rElec    .         Reflect  .   (no ring)
rCorr    .         Harm     .   (no ring)
MR       .....                  (no ring)
Stlth    ++++......             (no ring)
HPRegen  0.07/turn              (no ring)
MPRegen  0.09/turn              (no ring)
                                (no ring)
                                (no ring)

@: no status effects
A: almost no armour, stealthy swim, amphibious, 8 rings, constrict 8, camouflage
1, gelatinous body 1
a: no special abilities


You were on level 4 of the Dungeon.
You were not hungry.

You visited 1 branch of the dungeon, and saw 4 of its levels.

You collected 30 gold pieces.

Inventory:

Hand Weapons
 a - a +0 short sword (weapon)
 i - a +0 blowgun
Missiles
 e - 25 sling bullets
 j - 9 poisoned needles
Wands
 b - a wand of flame (14)
 c - a wand of enslavement (9)
 d - a wand of random effects (12)
Scrolls
 g - a scroll of blinking {unknown}
 h - a scroll of teleportation {unknown}
 k - a scroll of enchant weapon {unknown}
Potions
 l - a potion of curing {unknown}
Comestibles
 f - 3 rations


   Skills:
 - Level 1.0 Fighting
 - Level 1.0 Short Blades
 - Level 2.0 Dodging
 + Level 4.5 Stealth
 - Level 3.2 Evocations


You had 2 spell levels left.
You didn't know any spells.
Your spell library was empty.

Dungeon Overview and Level Annotations

Branches:
Dungeon (4/15)
 Temple: D:4-7

Altars:

Annotations:
D:3 brujo666's ghost, amateur OgHu


Innate Abilities, Weirdness & Mutations

You cannot wear most types of armour.
You are very stealthy in the water. (Stealth+)
You are amphibious.
You can wear up to eight rings at the same time.
You can use your tentacles to constrict eight enemies at once.
Your skin changes colour to match your surroundings (Stealth+).
Your rubbery body absorbs attacks. (AC +1, EV +1)


Message History

Attack!
You swap places.
Your worker ant bites the ogre but does no damage.
Your worker ant barely misses the ogre.
Your orc wizard hits the ogre with a dagger.
Your worker ant bites the ogre!
Your worker ant barely misses the ogre.
Your orc wizard mumbles some strange words.
Your orc wizard blinks!
Evoke which item? (* to show all) (? for menu, Esc to quit)
Aiming: Random Effects
Press: ? - help, Shift-Dir - straight line, p - ogre The ogre seems to speed up.
Evoke which item? (* to show all) (? for menu, Esc to quit)
Aiming: Enslavement
Press: ? - help, Shift-Dir - straight line The ogre resists with significant effort.
The ogre hits you with a giant spiked club!!
Ouch! That really hurt!
You die...

#.........ยง.......
#.##.####.#####. #....#
##.#####.###.
##.).####............
#..#......<.#####.##.
####.##...###..#####.##
#.(........##a..#.....#..
#(..........#O#..$.......
#.......#.#.@)#..........
##)#..........#..........
...###(######.##.............
.......(..###.##.##..........
...##..##....................
. #.###........###.........
#o. #..........###........
$..# #..........# ###.. #.o#
#..........# .


You could see an ogre and a friendly worker ant.

Vanquished Creatures
  An adder (D:4)
  An ooze (D:1)
  A worm (D:3)
  A dart slug (D:3)
  2 leopard geckos
  2 orcs (D:4)
  A goblin (D:1)
  2 hobgoblins
  2 kobolds (D:3)
13 creatures vanquished.

Vanquished Creatures (collateral kills)
  An orc (D:4)
1 creature vanquished.

Vanquished Creatures (others)
  An adder (D:4)
1 creature vanquished.

Grand Total: 15 creatures vanquished

Notes
Turn   | Place    | Note
-------+----------+-------------------------------------------
     0 | D:1      | M4edhros the Octopode Artificer began the quest for the Orb.
     0 | D:1      | Reached XP level 1. HP: 13/13 MP: 3/3
    15 | D:1      | Reached skill level 2 in Stealth
    97 | D:1      | Reached skill level 3 in Stealth
    97 | D:1      | Reached XP level 2. HP: 17/18 MP: 4/4
   294 | D:3      | Reached skill level 4 in Stealth
   300 | D:3      | Noticed brujo666's ghost (amateur OgHu)
   315 | D:4      | Reached XP level 3. HP: 21/23 MP: 5/5
   338 | D:4      | Noticed an ogre
   397 | D:4      | HP: 1/23 [orc wizard/magic dart (12)]
   431 | D:4      | Annihilated by an ogre

Vault maps used:
D:1:      lemuel_arrival_room, hangedman_decor_push, minmay_shallow_snake_nest
D:2:      kennysheep_six_static_rooms

Skill      XL: |  1  2 |
---------------+-------+-----
Stealth        | 3 4 |  4.5
Fighting       | |  1.0
Short Blades   | |  1.0
Dodging        | |  2.0
Evocations     | |  3.2

Action                   || total
-------------------------++-------
Melee: Short sword       ||    30
       Constrict         ||     7
       Tentacles         ||     3
Evoke: Wand              ||    10
  Use: Potion            ||     2
 Stab: Sleeping          ||     4
Armor: Skin              ||     1
Dodge: Dodged            ||    17

Table legend:
 A = Spawn XP
 B = Non-spawn XP
 C = Spawn XP percentage of total XP
 D = Spawn monster count
 E = Non-spawn monster count
 F = Spawn count percentage of total count
 G = Total turns spent on level
                    A         B        C        D         E        F      G
               +---------+---------+-------+---------+---------+-------+---------
         Total |       0 |      46 |   0.0 |       0 |      14 |   0.0 |   431
               +---------+---------+-------+---------+---------+-------+---------
           D:1 |       0 |      14 |   0.0 |       0 |       4 |   0.0 |   166
           D:2 |       0 |       5 |   0.0 |       0 |       2 |   0.0 |    44
           D:3 |       0 |      11 |   0.0 |       0 |       4 |   0.0 |    93
           D:4 |       0 |      16 |   0.0 |       0 |       4 |   0.0 |   128
               +---------+---------+-------+---------+---------+-------+---------
